 Dungeon Crawl Stone Soup version 0.14-a0-1876-g927fc3a (webtiles) character file.

128 Jenx the Magician (level 3, -1/19 HPs)
             Began as a Deep Elf Wizard on Jan 15, 2014.
             Slain by an adder (2 damage)
             ... on Level 2 of the Dungeon.
             The game lasted 00:04:38 (1371 turns).

Jenx the Magician (Deep Elf Wizard)                 Turns: 1371, Time: 00:04:38

HP  -1/19        AC  4     Str  4      XL: 3   Next: 66%
MP   5/12        EV 18     Int 23      God:
Gold 74          SH  0     Dex 18      Spells:  4 memorised,  1 level left

rFire  . . .     SeeInvis .     l - +0 short sword
rCold  . . .     Clarity  .     a - +0 elf robe
rNeg   . . .     Conserve .     (no shield)
rPois  .         rCorr    .     b - +0 elf hat
rElec  .         rRot     .     (no cloak)
SustAb . .       Spirit   .     y - +1 pair of gloves
rMut   .         Warding  .     (no boots)
Saprov . . .     Stasis   .     (no amulet)
MR     .....                    (no ring)
                                (no ring)

@: confused, agile, very slightly contaminated, not resistant to hostile
enchantments, fairly stealthy
A: no striking features
a: no special abilities


You were on level 2 of the Dungeon.
You were not hungry.

You visited 1 branch of the dungeon, and saw 2 of its levels.

You collected 74 gold pieces.

Inventory:

Hand weapons
 l - a +0,+0 short sword (weapon)
Armour
 a - a +0 elven robe (worn)
 b - a +0 elven hat (worn)
 m - a +0 elven ring mail
 y - a +1 pair of gloves (worn)
Magical devices
 z - a wand of digging (8) {unknown}
Comestibles
 d - a bread ration
 q - a pear
 r - a chunk of rat flesh
 w - a choko
 x - a rotting chunk of hobgoblin flesh
 A - a rotting chunk of giant newt flesh
Scrolls
 f - a scroll of curse weapon {unknown}
 g - 2 scrolls of enchant weapon I {unknown}
 h - a scroll of amnesia {unknown}
 i - a scroll of fear {unknown}
 j - 3 scrolls of identify {unknown}
 k - a scroll of teleportation {unknown}
 p - a scroll of curse jewellery {unknown}
 t - a scroll of magic mapping {unknown}
Potions
 n - a potion of heal wounds {unknown}
 v - a potion of cure mutation {unknown}
Books
 c - a book of Minor Magic

   Spells                             Type                      Level
   *Magic Dart                        Conjuration                  1
   Blink                              Translocation                2
   *Call Imp                          Summoning                    2
   Repel Missiles                     Charms/Air                   2
   Slow                               Hexes                        2
   *Conjure Flame                     Conjuration/Fire             3
   *Mephitic Cloud                    Conjuration/Poison/Air       3


   Skills:
 - Level 2.4 Dodging
 - Level 2.4 Stealth
 - Level 4.4 Spellcasting
 * Level 4.0 Conjurations
 - Level 1.1 Summonings
   Level 1.1 Translocations


You had one spell level left.
You knew the following spells:

 Your Spells              Type           Power        Failure   Level  Hunger
a - Magic Dart            Conj           ###.         1%          1    None
b - Call Imp              Summ           ##........   12%         2    None
c - Mephitic Cloud        Conj/Pois/Air  ##......     21%         3    ##.....
d - Conjure Flame         Conj/Fire      ##......     14%         3    ##.....


Dungeon Overview and Level Annotations

Branches:
Dungeon (2/16)

Altars:


Message History

* * * LOW HITPOINT WARNING * * *
You smell something rotten. (slot A) Drink which item? (? for menu, Esc to quit)
Okay, then.
Read which item? (? for menu, Esc to quit)
Okay, then.
Drink which item? (? for menu, Esc to quit)
You feel agile all of a sudden.
It was a potion of agility.
The adder barely misses you. The adder misses you. The adder bites you.
* * * LOW HITPOINT WARNING * * *
Drink which item? (? for menu, Esc to quit)
You don't have any such object.
Drink which item? (? for menu, Esc to quit)
Okay, then.
Drink which item? (? for menu, Esc to quit)
You are confused.
It was a potion of confusion.
The adder misses you. The adder misses you. The adder bites you.
You die...

#####.#####..##### #...#######
#. #.........# #.........#
#.##.#....##.###...####...
............<..........##
.....#.#................#.
#####.#.#..g...........#.
#....##g###.......... #....S..#
#...######. ##..@#### #...# #.
#.### #...# ## ####.#### #...#
#(......#####...#######
#.%#.......###.###.....
##..#.......###.###.####
.########......................#
.........................#..##.#
##########...........###.#......


You could see an adder and a hobgoblin.

Vanquished Creatures
  2 adders (D:2)
  2 giant geckos
  A ball python (D:1)
  2 bats (D:1)
  2 goblins
  A hobgoblin (D:2)
  3 jackals (D:1)
  3 kobolds
  A quokka (D:2)
  5 giant newts
  2 rats
24 creatures vanquished.

Vanquished Creatures (collateral kills)
  2 adders (D:2)
  A giant cockroach (D:2)
  A bat (D:2)
4 creatures vanquished.

Vanquished Creatures (others)
  A shadow imp (D:2)
1 creature vanquished.

Grand Total: 29 creatures vanquished

Notes
Turn   | Place    | Note
--------------------------------------------------------------
     0 | D:1      | Jenx, the Deep Elf Wizard, began the quest for the Orb.
     0 | D:1      | Reached XP level 1. HP: 10/10 MP: 6/6
   277 | D:1      | Reached XP level 2. HP: 10/15 MP: 1/9
   370 | D:1      | Learned a level 2 spell: Call Imp
   914 | D:2      | Reached XP level 3. HP: 15/19 MP: 2/12
  1170 | D:2      | Learned a level 3 spell: Mephitic Cloud
  1174 | D:2      | Learned a level 3 spell: Conjure Flame
  1371 | D:2      | Slain by an adder

Action                   || total
-------------------------++-------
Melee: Short sword       ||    10
 Cast: Magic Dart        ||    52
       Call Imp          ||     6
  Use: Potion            ||     2
